 Dungeon Crawl Stone Soup version 0.27-a0-1219-g958d993ae5 (webtiles) character file.

Game seed: 12148661913225788233

22 patchburns1 the Skirmisher (level 2, 0/24 HPs)
             Began as a Demonspawn Fighter on June 6, 2021.
             Succumbed to an adder's poison
             ... on level 2 of the Dungeon.
             The game lasted 00:03:31 (1388 turns).

patchburns1 the Skirmisher (Demonspawn Fighter)     Turns: 1388, Time: 00:03:32

Health: 0/24       AC:  7    Str: 16    XL:     2   Next: 68%
Magic:  2/2        EV:  6    Int:  9    God:
Gold:   59         SH:  8    Dex: 12    Spells: 1/1 levels left

rFire    + + .     SeeInvis .   a - +0 long sword
rCold    . . .     Faith    .   c - +0 kite shield
rNeg     . . .     Spirit   .   b - +0 scale mail
rPois    .         Reflect  .   (no helmet)
rElec    .         Harm     .   h - +0 cloak
rCorr    .         Rampage  .   (no gloves)
Will     .....                  (no boots)
Stlth    ..........             (no amulet)
HPRegen  0.08/turn              e - ring of protection from fire
MPRegen  0.08/turn              i - ring of protection from fire

@: mighty, lethally poisoned (0 -> -2)
A: claws 1
a: no special abilities


You were on level 2 of the Dungeon.
You visited 1 branch of the dungeon, and saw 2 of its levels.

You collected 59 gold pieces.

Inventory:

Hand Weapons
 a - a +0 long sword (weapon)
Missiles
 k - 23 stones (quivered)
Armour
 b - a +0 scale mail (worn)
 c - a +0 kite shield (worn)
 h - a +0 cloak (worn)
Jewellery
 e - a ring of protection from fire (left claw)
 i - a ring of protection from fire (right claw)
Scrolls
 f - 2 scrolls of magic mapping {unknown}
 g - a scroll of noise {unknown}
 j - a scroll of identify {unknown}


   Skills:
 * Level 3.2 Fighting
 + Level 1.9 Long Blades
 + Level 2.8 Armour
 + Level 0.2 Dodging
 + Level 0.4 Stealth
 + Level 2.8 Shields
 + Level 0.6 Invocations
 + Level 0.3 Evocations


You had one spell level left.
You didn't know any spells.
Your spell library was empty.

Dungeon Overview and Level Annotations

Branches:
Dungeon (2/15)

Altars:

Annotations:
D:2 Sigmund


Innate Abilities, Weirdness & Mutations

You have sharp fingernails.


Message History

The hobgoblin is severely wounded.
You block the hobgoblin's attack.
You barely miss the hobgoblin.
The hobgoblin is heavily wounded.
You block the hobgoblin's attack. x2
You hit the hobgoblin.
You kill the hobgoblin!
Found 23 stones.
You see here a hobgoblin corpse.
You see here 23 stones.
k - 23 stones A quokka comes into view.
You closely miss the quokka. You block the quokka's attack.
You miss the quokka. The quokka barely misses you.
You riposte.
You hit the quokka.
You kill the quokka!
You see here a quokka corpse.
f - 2 scrolls labelled TOOWOA ZORID (gained 1)
Found a ring mail.
Found a tower shield.
Sigmund the Dreaded comes into view.
He is wielding a +0 scythe.
Sigmund shouts!
You hear an angry hiss.
An adder comes into view.
Sigmund hits you with a +0 scythe!
You slash Sigmund!
Sigmund is moderately wounded.
You block the adder's attack. The adder bites you.
You are poisoned.
The adder poisons you! Sigmund hits you with a +0 scythe!
* * * LOW HITPOINT WARNING * * *
The adder bites you but does no damage.
* * * LOW HITPOINT WARNING * * *
You feel sick.
Sigmund gestures wildly while chanting.
Sigmund flickers and vanishes!
Deactivating autopickup; reactivate with Ctrl-A.
* * * LOW HITPOINT WARNING * * *
You feel sick.
You feel very mighty all of a sudden.
You die...

######### #.# # .
........###.##.##...
#######..........##.
### ###.#.#.##....
.. ###.#.#.# ....
#.## #...#.#.##.##.
#..###.###.#.#..##.
#.##..###.#...##..
#@...##......##...
##S..##.#.#.##†...
#.#....#......#..
#.[....###...####..
#[.....# #.######..
#.#....# #.#.......
...................
.....###....#######.
... ... .... #.


You could see an adder.

Vanquished Creatures
  A dart slug (D:2)
  3 bats (D:1)
  2 endoplasms (D:1)
  A giant cockroach (D:2)
  2 goblins (D:1)
  2 hobgoblins
  A kobold (D:1)
  2 quokkas
  A frilled lizard (D:1)
  2 rats (D:1)
17 creatures vanquished.

Notes
Turn   | Place    | Note
-------+----------+-------------------------------------------
     0 | D:1      | patchburns1 the Demonspawn Fighter began the quest for the
                  | Orb.
     0 | D:1      | Reached XP level 1. HP: 18/18 MP: 1/1
   551 | D:1      | Gained mutation: You have sharp fingernails. [demonic
                  | ancestry]
   551 | D:1      | Reached XP level 2. HP: 24/24 MP: 2/2
  1040 | D:1      | Found a faded altar of an unknown god.
  1381 | D:2      | Noticed Sigmund
  1387 | D:2      | HP: 1/24 [poisoned by an adder]
  1388 | D:2      | Succumbed to an adder's poison

Illustrated notes

Levels and vault maps discovered:
D:1:      dpeg_arrival_oval, layout_basic, ebering_ecumenical_altar_hall,
          chequers_serial_rivers_marsh, amcnicky_mini_pool_small
D:2:      layout_rooms, uniq_sigmund

Action                   || total
-------------------------++-------
Melee: Long sword        ||    57
  Use: Potion            ||     1
Armor: Scale mail        ||    25
Dodge: Dodged            ||    11
Block: Kite shield       ||    28
       Rpst.: Long sword ||     4

Table legend: (Time is in decaauts)
 A = Elapsed time spent in this place.
 B = Non-inter-level travel time spent in this place.
 C = Inter-level travel time spent in this place.
 D = Time resting spent in this place.
 E = Time spent auto-exploring this place.
 F = Levels seen in this place.
 G = Mean time per level.
                   A        B        C        D        E       F      G
               +--------+--------+--------+--------+--------+-----+--------+
         Total |   1418 |   1386 |     32 |      0 |   1166 |   2 |  709.0 |
       Dungeon |   1418 |   1386 |     32 |      0 |   1166 |   2 |  709.0 |
               +--------+--------+--------+--------+--------+-----+--------+

Top non-repeatable levels by time:
     D:1: 1240 daAuts
     D:2: 178 daAuts
